 Dungeon Crawl Stone Soup version 0.31-a0-986-g5e6e4ef867 (webtiles) character file.

Game seed: 4385135977786963024

43 sammy202020 the Ruffian (level 3, 0/18 HPs)
             Began as a Vine Stalker Shapeshifter on Nov 6, 2023.
             Slain by a goblin
             ... wielding a +0 club
             ... led by Robin
              (4 damage)
             ... on level 2 of the Dungeon.
             The game lasted 00:01:36 (958 turns).

sammy202020 the Ruffian (Vine Stalker Shapeshifter)  Turns: 958, Time: 00:01:36

Health: 0/18       AC:  5    Str: 16    XL:     3   Next: 58%
Magic:  0/5        EV: 11    Int: 12    God:
Gold:   33         SH:  0    Dex: 13    Spells: 3/3 levels left

rFire   . .          .
                       - Unarmed
rCold   . . .        (no shield)
rNeg    . . .        j - +0 ring mail
rPois   .            (helmet currently unavailable)
rElec   .            (cloak currently unavailable)
rCorr   .            (gloves currently unavailable)
SInv    .            (boots currently unavailable)
Will    .....        (no amulet)
Stlth   +            (no ring)
HPRegen 1.03/turn    (no ring)
MPRegen 0.09/turn

%: guardian spirit
@: beast-form
A: beast (slay +1), fangs 2, regeneration 1, magic shield, antimagic bite, no
potion heal 2
a: Begin Untransformation


You were on level 2 of the Dungeon.
You were a hulking beast.
You visited 1 branch of the dungeon, and saw 2 of its levels.

You collected 33 gold pieces.

Inventory:

Armour
 a - a +0 animal skin
 j - a +0 ring mail (worn)
Jewellery
 g - a ring of ice
Talismans
 c - a beast talisman
 d - a flux talisman
Scrolls
 h - a scroll of noise
 i - a scroll of poison
Potions
 b - a potion of lignification
 f - a potion of curing {unknown}
 k - a potion of heal wounds {unknown}


   Skills:
 * Level 1.6 Fighting
 + Level 0.5 Armour
 + Level 1.8 Dodging
 * Level 3.4 Unarmed Combat
 + Level 0.8 Spellcasting
 + Level 3.1 Shapeshifting


You had 3 spell levels left.
You didn't know any spells.
Your spell library contained the following spells:

 Spells                   Type           Power      Damage    Failure   Level
 Slow                     Hex            0%         N/A       52%         1
 Confusing Touch          Hex            0%         N/A       87%         3
 Sigil of Binding         Hex            0%         N/A       87%         3
 Vampiric Draining        Necr           0%         2d6       87%         3


Dungeon Overview and Level Annotations

Branches:
Dungeon (2/15)

Altars:

Shops:
D:1 :

Annotations:
D:2 Robin


Innate Abilities, Weirdness & Mutations

You are a hulking beast.
Your limbs bulge with bestial killing power. (Slay +1)
You have extremely sharp teeth.
Your natural rate of healing is unusually fast.
When hurt, damage is shared between your health and your magic reserves.
Your bite disrupts and absorbs the magic of your enemies.
Potions cannot restore your health.


Message History

There is a stone staircase leading down here.
Found 4 stones.
A goblin and a hobgoblin come into view.
Found a robe.
The goblin shouts!
The hobgoblin shouts!
You hear a shout! x2
A goblin comes into view. It is wielding a +0 club. x3
There are monsters nearby!
Robin and 2 goblins come into view.
Robin shouts!
The goblin shouts! x2; You hear a shout!
A goblin comes into view. It is wielding a +0 dagger. x2
The goblin moves out of view.
A goblin comes into view. It is wielding a +0 club.
You closely miss the goblin. You bite the goblin, but do no damage.
Robin throws the goblin at you! The goblin barely misses you.
The goblin hits you with a +0 club. The goblin hits you with a +0 dagger.
The goblin hits you with a +0 club.
You hit the goblin. Your bite misses the goblin.
The goblin is moderately wounded.
Robin throws the goblin at you! The goblin hits you with a +0 club.
The goblin hits you but does no damage. x3; The goblin hits you with a +0 club.
You hit the goblin.
You kill the goblin!
The goblin barely misses you. The goblin closely misses you.
The goblin hits you but does no damage.
Robin says, "Duck!"
Robin roars a battlecry!
The goblins go into a battle-frenzy!
A goblin comes into view. It is wielding a +0 club.
The goblin hits you with a +0 club.
The goblin shouts!
The goblin attacks as it pursues you! The goblin completely misses you.
The goblin hits you with a +0 club.
* * * LOW HITPOINT WARNING * * *
Robin throws the goblin at you! The goblin closely misses you.
Things that are here:
a +0 dagger; a +0 sling The goblin attacks as it pursues you!
The goblin hits you with a +0 club.
* * * LOW HITPOINT WARNING * * *
The goblin hits you with a +0 club.
You die...

###########
#######...†......
#.......<.....#
#.#####>####..#
###
####.####..###....
#...>...hgg....#
#.##.####g.g..(# #
#.# ##g.#..# #.#
#gg# # #.# #g.#
#.# #.g# #.# .g.g
... ....[ ...#.


You could see 9 goblins.

Vanquished Creatures
  An adder (D:2)
  An endoplasm (D:1)
  5 giant cockroaches (D:1)
  3 goblins
  3 hobgoblins (D:1)
  3 quokkas (D:1)
  2 ball pythons (D:1)
  3 bats (D:1)
  3 frilled lizards (D:1)
  6 kobolds (D:1)
  3 rats (D:1)
33 creatures vanquished.

Notes
Turn   | Place    | Note
-------+----------+-------------------------------------------
     0 | D:1      | sammy202020 the Vine Stalker Shapeshifter began the quest
                  | for the Orb.
     0 | D:1      | Reached XP level 1. HP: 9/9 MP: 2/2
    53 | D:1      | Reached skill level 1 in Fighting
    75 | D:1      | Reached XP level 2. HP: 14/14 MP: 3/3
   368 | D:1      | Reached XP level 3. HP: 18/18 MP: 4/4
   469 | D:1      | Found Iro Jos's Book Boutique.
   952 | D:2      | Noticed Robin
   958 | D:2      | Slain by a goblin

Illustrated notes

Levels and vault maps discovered:
D:1:      spicycebolla_arrival_ecumenical, layout_basic, serial_shops,
          nicolae_shop_real_fake_doors
D:2:      layout_loops_ring, uniq_robin

Skill      XL: |  1 |
---------------+----+-----
Fighting       | 1 |  1.6
Armour         | |  0.5
Dodging        | |  1.8
Unarmed Combat | |  3.4
Spellcasting   | |  0.8
Shapeshifting  | |  3.1

Action                     || total
---------------------------++-------
  Melee: Unarmed           ||    68
         Bite              ||    12
         Punch             ||     1
    Use: Scroll            ||     3
   Stab: Sleeping          ||     1
 Armour: Animal skin       ||    19
         Ring mail         ||    22
         Skin              ||     4
  Dodge: Dodged            ||    43

Table legend: (Time is in decaauts)
 A = Elapsed time spent in this place.
 B = Non-inter-level travel time spent in this place.
 C = Inter-level travel time spent in this place.
 D = Time resting spent in this place.
 E = Time spent auto-exploring this place.
 F = Levels seen in this place.
 G = Mean time per level.
                   A        B        C        D        E       F      G
               +--------+--------+--------+--------+--------+-----+--------+
         Total |    953 |    953 |      0 |    300 |    416 |   2 |  476.5 |
       Dungeon |    953 |    953 |      0 |    300 |    416 |   2 |  476.5 |
               +--------+--------+--------+--------+--------+-----+--------+

Top non-repeatable levels by time:
     D:1: 933 daAuts
     D:2: 19 daAuts
